 Dungeon Crawl Stone Soup version 0.25-a0-597-gb30770a0c0 (webtiles) character file.

Game seed: 16294838879503987221, levelgen mode: deterministic

123 An17 the Skirmisher (level 4, 0/38 HPs)
             Began as a Demonspawn Wanderer on Mar 15, 2020.
             Was an Initiate of Makhleb.
             Succumbed to a water moccasin's poison
             ... on level 3 of the Dungeon.
             The game lasted 00:05:38 (1788 turns).

An17 the Skirmisher (Demonspawn Wanderer)           Turns: 1788, Time: 00:05:38

Health: 0/38       AC:  8    Str: 14    XL:     4   Next: 79%
Magic:  5/5        EV:  9    Int: 14    God:    Makhleb [......]
Gold:   152        SH:  0    Dex: 11    Spells: 3/3 levels left

rFire    . . .     SeeInvis .   g - +2 hand axe (freeze)
rCold    . . .     Gourm    .   (no shield)
rNeg     . . .     Faith    .   f - +1 scale mail
rPois    .         Spirit   .   (no helmet)
rElec    .         Reflect  .   (no cloak)
rCorr    .         Harm     .   (no gloves)
MR       .....                  (no boots)
Stlth    ..........             (no amulet)
HPRegen  0.12/turn              (no ring)
MPRegen  0.09/turn              (no ring)

@: lethally poisoned (0 -> -13)
A: rugged brown scales 1, powered by death 1
a: Renounce Religion


You were on level 3 of the Dungeon.
You worshipped Makhleb.
Makhleb was noncommittal.
You were not hungry.

You visited 1 branch of the dungeon, and saw 3 of its levels.

You collected 152 gold pieces.

Inventory:

Hand Weapons
 a - a +2 short sword
 g - a +2 hand axe of freezing (weapon)
Missiles
 i - a boomerang of dispersal (quivered)
Armour
 f - a +1 scale mail (worn)
Potions
 c - a potion of lignification
 e - 3 potions of ambrosia
 h - a potion of heal wounds
 j - a potion of brilliance {unknown}
Comestibles
 d - 4 rations


   Skills:
 + Level 3.9 Fighting
 + Level 3.0 Short Blades
 + Level 1.0(1.2) Axes
   Level 1.0(1.2) Maces & Flails
 + Level 2.5 Armour
 + Level 0.7 Dodging
   Level 2.0 Evocations


You had 3 spell levels left.
You didn't know any spells.
Your spell library was empty.

Dungeon Overview and Level Annotations

Branches:
Dungeon (3/15)

Altars:
Ashenzari
Makhleb


Innate Abilities, Weirdness & Mutations

You are partially covered in rugged brown scales. (AC +1, +3% HP)
You regenerate a little health from kills.


Message History

You miss the water moccasin.
You feel sick. The water moccasin bites you.
You are lethally poisoned!
The water moccasin poisons you! The water moccasin barely misses you.
You barely miss the water moccasin.
You feel sick. The water moccasin bites you.
The water moccasin barely misses you.
You hit the water moccasin. You freeze the water moccasin.
The water moccasin is lightly wounded.
You feel sick.
The water moccasin barely misses you. x2
You hit the water moccasin.
The water moccasin seems to slow down.
You freeze the water moccasin.
The water moccasin is moderately wounded.
* * * LOW HITPOINT WARNING * * *
You feel sick. The water moccasin bites you.
* * * LOW HITPOINT WARNING * * *
* * * LOW HITPOINT WARNING * * *
You feel sick.
* * * LOW HITPOINT WARNING * * *
You feel sick.
The water moccasin is no longer moving slowly.
You die...

#.. #...# ###. #.#
#..###..#####.###+# ###
#...#...o.$...##...###..
#.#...#.#######.....##.#
#.##.##o## ##.......#.#
.#......S.####..........#
.......o.....+..........(
###......####..........#
#......@## #.......#.#
#.....#.#### ##.....##..
#.......††.# ##...#####
###....###.# ##'## #....#
#.# #.# #.##.###.# #.# #.
#....)## ##.###### #.
####...# ##.......# #.
#.#.###.........


You could see a water moccasin and 3 orcs.

Vanquished Creatures
  A worker ant zombie (D:3)
  2 adders
  2 oozes (D:1)
  3 worms (D:3)
  3 dart slugs (D:1)
  A leopard gecko (D:2)
  4 orcs
  3 giant cockroaches
  7 goblins
  6 hobgoblins
  7 jackals
  6 kobolds
  2 quokkas (D:2)
  4 bats
  4 frilled lizards
  8 rats
63 creatures vanquished.

Notes
Turn   | Place    | Note
-------+----------+-------------------------------------------
     0 | D:1      | An17 the Demonspawn Wanderer began the quest for the Orb.
     0 | D:1      | An17 set off with the following items: a +2 short sword, a
                  | +0 ring mail, a potion of lignification, a ration
     0 | D:1      | Reached XP level 1. HP: 18/18 MP: 2/2
    58 | D:1      | Gained mutation: You regenerate a little health from kills.
                  | [demonic ancestry]
    58 | D:1      | Reached XP level 2. HP: 23/24 MP: 3/3
   290 | D:1      | Reached XP level 3. HP: 22/29 MP: 4/4
   873 | D:2      | Gained mutation: You are partially covered in rugged brown
                  | scales. (AC +1, +3% HP) [demonic ancestry]
   873 | D:2      | Reached XP level 4. HP: 30/38 MP: 5/5
   991 | D:2      | Found a burning altar of Makhleb.
   991 | D:2      | Noticed a balrug
   995 | D:2      | Noticed a ynoxinul
   995 | D:2      | Noticed a hellwing
   997 | D:2      | Became a worshipper of Makhleb the Destroyer
  1270 | D:2      | Found a shattered altar of Ashenzari.
  1749 | D:3      | Reached skill level 1 in Axes
  1773 | D:3      | Noticed a water moccasin
  1787 | D:3      | HP: 1/38 [poisoned by a water moccasin]
  1788 | D:3      | Succumbed to a water moccasin's poison

Levels and vault maps discovered:
D:1:      dpeg_arrival_round_c, layout_basic
D:2:      layout_basic, marbit_many_paths, makhleb_altar_promises_db,
          guppyfry_early_orc_mine
D:3:      layout_loops_corners

Skill      XL: |  1  2  3  4 |
---------------+-------------+-----
Short Blades   | 2 3 |  3.0
Armour         | 2 |  2.5
Axes           | 1 |  1.0
Fighting       | |  3.9
Maces & Flails | |  1.0
Dodging        | |  0.7
Evocations     | |  2.0

Action                   |  1- 3 |  4- 6 || total
-------------------------+-------+-------++-------
Melee: Short sword       |    94 |       ||    94
       Hand axe          |    24 |    78 ||   102
  Use: Scroll            |     2 |     4 ||     6
  Eat: Ration            |       |     1 ||     1
Armor: Ring mail         |    42 |    18 ||    60
       Scale mail        |       |    15 ||    15
Dodge: Dodged            |    74 |    58 ||   132

Table legend:
 A = Non-vault XP
 B = Vault XP
 C = Vault XP percentage of total XP
 D = Non-vault monster count
 E = Vault monster count
 F = Vault count percentage of total count
                 A         B        C        D         E       F
            +---------+---------+-------+---------+---------+-------
      Total |     157 |      19 |  10.8 |      55 |       8 |  12.7
            +---------+---------+-------+---------+---------+-------
        D:1 |      50 |       0 |   0.0 |      21 |       0 |   0.0
        D:2 |      47 |      19 |  28.8 |      21 |       8 |  27.6
        D:3 |      60 |       0 |   0.0 |      13 |       0 |   0.0
            +---------+---------+-------+---------+---------+-------
